[Event "Titled Tuesday Blitz February 22 Early 2022"]
[White "Tay, Junior"]
[Black "Ianov, Viktor"]
[WhiteFideId "5800439"]
[BlackFideId "14102730"]
[WhiteElo "2216"]
[BlackElo "2215"]
[Result "1-0"]
[Round "10"]
[TimeControl "180+1"]
[Date "2022.02.22"]
[WhiteClock "0:00:06"]
[BlackClock "0:00:10"]

1. Nc3 d6 2. e4 g6 3. f4 Bg7 4. Nf3 a6 5. a4 b6 6. Bc4 e6 7. f5 exf5 8. d3 Ne7 9. O-O O-O 10. Qe1 fxe4 11. dxe4 Nbc6 12. Qh4 h5 13. Bg5 Be6 14. Nd5 Re8 15. c3 Qd7 16. Rad1 f5 17. Bxe7 Nxe7 18. Ng5 Bxd5 19. exd5 Qxa4 20. b3 Qd7 21. g4 fxg4 22. Ne6 Nf5 23. Qg5 Kh7 24. Rxf5 gxf5 25. Qxf5+ Kg8 26. Bd3 Be5 27. Qg6+ Kh8 28. Qxh5+ Kg8 29. Qg6+ Kh8 30. Rf1 Re7 31. Rf5 Rh7 32. Rh5 Rxh5 33. Qxh5+ Kg8 34. Qxg4+ Kh8 35. Qh5+ Kg8 36. h4 Re8 37. Ng5 Re7 38. Bg6 Rg7 39. Be4 Qe7 40. Qg4 Bxc3 41. Qc8+ Qf8 42. Qe6+ Rf7 43. Bh7+ Kg7 44. Qg6+ Kh8 45. Nxf7+ Qxf7 46. Qxf7 Bd4+ 47. Kg2 Bg7 48. Qg8# 1-0


[Site "https://www.chess.com"]

[Event "Titled Tuesday Blitz February 22 Early 2022"]
[White "Tillis., Bryan"]
[Black "Zanette, Edgard Vinicius"]
[WhiteFideId "2059053"]
[BlackFideId "2109263"]
[WhiteElo "2354"]
[BlackElo "2182"]
[Result "1-0"]
[Round "10"]
[TimeControl "180+1"]
[Date "2022.02.22"]
[WhiteClock "0:00:39"]
[BlackClock "0:01:02"]

1. d4 Nf6 2. g3 e6 3. Bg2 d5 4. Nf3 Be7 5. O-O O-O 6. c4 dxc4 7. Ne5 a6 8. Nxc4 c5 9. dxc5 Bxc5 10. Nc3 Qxd1 11. Rxd1 Nc6 12. Bg5 h6 13. Bxf6 gxf6 14. Ne4 Be7 15. Ned6 Rd8 16. Bxc6 bxc6 17. Nxc8 Raxc8 18. b3 Rxd1+ 19. Rxd1 Rd8 20. Rxd8+ Bxd8 21. f3 Kf8 22. e4 Ke7 23. Kf2 Bc7 24. Ke3 Kd7 25. f4 Ke7 26. f5 Be5 27. Kf3 h5 28. Kg2 Kf8 29. Nxe5 fxe5 30. fxe6 f6 31. g4 hxg4 32. Kg3 Ke7 33. Kxg4 Kxe6 34. h4 c5 35. a3 a5 36. a4 f5+ 37. exf5+ Kf6 38. h5 e4 39. h6 e3 40. Kf3 1-0


[Site "https://www.chess.com"]

[Event "Titled Tuesday Blitz February 22 Early 2022"]
[White "Todorovic, Bojan"]
[Black "Kazancev, Valerij M"]
[WhiteFideId "917087"]
[BlackFideId "4179609"]
[WhiteElo "2266"]
[BlackElo "2458"]
[Result "0-1"]
[Round "10"]
[TimeControl "180+1"]
[Date "2022.02.22"]
[WhiteClock "0:01:31"]
[BlackClock "0:01:44"]

1. Nf3 c5 2. c4 Nc6 3. g3 g6 4. Bg2 Bg7 5. O-O a6 6. Nc3 Rb8 7. d3 b5 8. Bd2 bxc4 9. dxc4 Rxb2 10. Na4 Rxd2 11. Nxd2 Bxa1 12. Qxa1 Nf6 13. Bxc6 dxc6 14. Nb3 O-O 15. Naxc5 Qc7 16. Rd1 h5 17. Qd4 a5 18. Qf4 Qb6 19. Na4 Qb4 20. c5 Qa3 21. Qd2 Be6 22. Qxa5 Qxa2 23. Nd4 Bd5 24. f3 e5 25. Nc3 Qxa5 0-1


[Site "https://www.chess.com"]

[Event "Titled Tuesday Blitz February 22 Early 2022"]
[White "Topalov, Aleksandar"]
[Black "Dushyant Sharma"]
[WhiteFideId "925659"]
[BlackFideId "25065130"]
[WhiteElo "2098"]
[BlackElo "2012"]
[Result "0-1"]
[Round "10"]
[TimeControl "180+1"]
[Date "2022.02.22"]
[WhiteClock "0:00:53"]
[BlackClock "0:01:06"]

1. b3 d6 2. Bb2 Nc6 3. c4 e5 4. e3 g6 5. Nc3 Bg7 6. g3 Nge7 7. Bg2 O-O 8. Nge2 f5 9. O-O Be6 10. d4 Bf7 11. Nd5 Nxd5 12. cxd5 Ne7 13. dxe5 dxe5 14. Nc3 e4 15. Qd2 Nxd5 16. Nxd5 Qxd5 17. Qc2 Bxb2 18. Qxb2 Rfd8 19. Rfc1 c6 20. Bf1 Qd2 21. Rc2 Qd6 22. b4 Rd7 23. a3 Rad8 24. h4 h6 25. Be2 Kh7 26. b5 c5 27. a4 b6 28. a5 Qf8 29. axb6 axb6 30. Ra6 Rd6 31. Ra7 R8d7 32. Ra6 Qg7 33. Qc1 Bb3 34. Rc3 Rd1+ 35. Bxd1 Rxd1+ 36. Qxd1 Bxd1 37. Rca3 Qb2 38. Ra7+ Kh8 39. Ra8+ Kg7 40. R3a7+ Kf6 41. Rf8+ Ke6 42. Re8+ Kd5 43. Rd8+ Kc4 44. Rxd1 Kxb5 45. Rd6 g5 46. h5 f4 47. gxf4 gxf4 48. exf4 Qc1+ 49. Kg2 Qxf4 50. Rg6 Qf3+ 51. Kg1 Qd1+ 52. Kg2 Qxh5 53. Rgg7 Qf3+ 54. Kg1 h5 55. Raf7 Qd1+ 56. Kg2 h4 57. Rf4 h3+ 58. Kh2 e3 59. fxe3 Qe2+ 60. Kxh3 Qxe3+ 61. Kg4 Qg1+ 0-1


[Site "https://www.chess.com"]

[Event "Titled Tuesday Blitz February 22 Early 2022"]
[White "Tsatsalashvili, Keti"]
[Black "Glavina, Pablo"]
[WhiteFideId "13603434"]
[BlackFideId "100234"]
[WhiteElo "2246"]
[BlackElo "2369"]
[Result "0-1"]
[Round "10"]
[TimeControl "180+1"]
[Date "2022.02.22"]
[WhiteClock "0:00:10"]
[BlackClock "0:00:04"]

1. d4 Nf6 2. Nf3 e6 3. c4 Bb4+ 4. Nbd2 d5 5. g3 O-O 6. Bg2 dxc4 7. Qc2 b5 8. O-O Bb7 9. e4 c5 10. e5 Nd5 11. a3 Bxd2 12. Bxd2 cxd4 13. Nxd4 a6 14. Rad1 Nd7 15. f4 Qb6 16. Bc1 Nc5 17. Kh1 Nd3 18. Rxd3 cxd3 19. Qxd3 Rfd8 20. Rd1 Rac8 21. Be4 g6 22. h4 Ne7 23. Be3 Nf5 24. Bf2 Rd7 25. Kh2 Rcd8 26. Nxf5 Qxf2+ 27. Kh3 Rxd3 28. Rxd3 Rxd3 29. Bxd3 gxf5 30. a4 Qg2# 0-1


[Site "https://www.chess.com"]

[Event "Titled Tuesday Blitz February 22 Early 2022"]
[White "Urazayev, Arystanbek"]
[Black "Csonka, Balazs"]
[WhiteFideId "13709810"]
[BlackFideId "742910"]
[WhiteElo "2321"]
[BlackElo "2404"]
[Result "0-1"]
[Round "10"]
[TimeControl "180+1"]
[Date "2022.02.22"]
[WhiteClock "0:01:51"]
[BlackClock "0:00:04"]

1. e4 e6 2. d4 d5 3. Nc3 Nf6 4. e5 Nfd7 5. Nce2 c5 6. f4 Nc6 7. Nf3 b5 8. g3 a5 9. Bh3 g6 10. O-O b4 11. Be3 Ba6 12. c3 a4 13. a3 bxa3 14. bxa3 Na5 15. Rf2 Nb3 16. Ra2 Rc8 17. Nd2 Bxe2 18. Rxe2 cxd4 19. Bxd4 Nxd4 20. cxd4 Nb6 21. Nf3 Be7 22. Reb2 O-O 23. Bf1 Nc4 24. Bxc4 dxc4 25. Qxa4 Qd5 26. Qd1 c3 27. Rc2 Qb3 28. a4 Ba3 29. a5 Bb2 30. Qb1 Ra8 31. a6 Rfb8 32. Kg2 Qb6 33. Qf1 Qb3 34. Qb1 Rb6 35. Ng5 Rbxa6 36. Raxb2 cxb2 37. Rxb2 Ra2 38. Rxa2 Rxa2+ 0-1


[Site "https://www.chess.com"]

[Event "Titled Tuesday Blitz February 22 Early 2022"]
[White "Vlassov, Nikolai"]
[Black "Neiksans, Arturs"]
[WhiteFideId "4103360"]
[BlackFideId "11601388"]
[WhiteElo "2407"]
[BlackElo "2447"]
[Result "1-0"]
[Round "10"]
[TimeControl "180+1"]
[Date "2022.02.22"]
[WhiteClock "0:00:06"]
[BlackClock "0:00:03"]

1. e4 c5 2. c3 Nf6 3. e5 Nd5 4. d4 cxd4 5. cxd4 d6 6. Bc4 Nb6 7. Bb3 dxe5 8. Qh5 e6 9. dxe5 Nc6 10. Nc3 Nd4 11. Nf3 Nxf3+ 12. Qxf3 Be7 13. O-O O-O 14. Bf4 Qe8 15. Bc2 Bd7 16. Qd3 g6 17. Bh6 Rd8 18. Bxf8 Qxf8 19. Rad1 Rc8 20. Bb3 Bc6 21. Ne4 Nd7 22. f4 Bxe4 23. Qxe4 Nc5 24. Qf3 Qe8 25. Rc1 Qb5 26. Rfd1 a5 27. Qf2 Ra8 28. Bc4 Qc6 29. Be2 Qb6 30. Kh1 Qxb2 31. a4 b6 32. Rb1 Qc2 33. Rxb6 Qxa4 34. Bf3 Rc8 35. Rdb1 Qxf4 36. Rb8 Rxb8 37. Rxb8+ Kg7 38. Ra8 a4 39. Ra7 Nd3 40. Qc2 Bc5 41. Rxf7+ Qxf7 42. Qxd3 Qa7 43. Qc4 a3 44. Qxe6 Qe7 45. Qxe7+ Bxe7 46. Bd5 Kh6 47. g3 Kg5 48. Be6 h5 49. Kg2 Kh6 50. Kf3 g5 51. h3 Kg7 52. Ke4 Kg6 53. g4 h4 54. Ba2 Bb4 55. Kd5 Kf7 56. Kc4 Bf8 57. Kd5 Ke8 58. Bb3 Ke7 59. Ba2 Bg7 60. Bb3 Bh8 61. Ba2 Bg7 62. Ke4 Kd8 63. Kf5 Ke8 64. e6 Ke7 65. Kxg5 Bf6+ 66. Kh5 Be5 67. Kxh4 Kf6 68. Kh5 Bf4 69. h4 Be3 70. g5+ Ke7 71. Kg6 Bf2 72. h5 Bd4 73. h6 Ke8 74. Kh7 1-0


[Site "https://www.chess.com"]

[Event "Titled Tuesday Blitz February 22 Early 2022"]
[White "Vokhidov, Shamsiddin"]
[Black "Grischuk, Alexander"]
[WhiteFideId "14204223"]
[BlackFideId "4126025"]
[WhiteElo "2611"]
[BlackElo "2762"]
[Result "1/2-1/2"]
[Round "10"]
[TimeControl "180+1"]
[Date "2022.02.22"]
[WhiteClock "0:01:39"]
[BlackClock "0:01:31"]

1. e4 e6 2. d4 d5 3. Nc3 Nf6 4. Bg5 dxe4 5. Nxe4 Be7 6. Nxf6+ Bxf6 7. Bxf6 Qxf6 8. Nf3 c5 9. Bb5+ Bd7 10. Qd3 cxd4 11. O-O-O Nc6 12. Nxd4 Qxd4 13. Qxd4 Nxd4 14. Bxd7+ Kxd7 15. Rxd4+ Ke7 16. Rhd1 Rhd8 17. Rxd8 Rxd8 18. Rxd8 Kxd8 19. c4 Kd7 20. b4 e5 21. Kd2 f5 22. Kd3 Kd6 23. f3 h5 24. h4 b6 25. a3 Kc6 26. Kc3 Kd6 27. Kd3 Kc6 28. Kc3 Kd6 29. Kd3 1/2-1/2


[Site "https://www.chess.com"]

[Event "Titled Tuesday Blitz February 22 Early 2022"]
[White "Von Buelow, Georg"]
[Black "Chernomordik, Pavel"]
[WhiteFideId "4620658"]
[BlackFideId "2804530"]
[WhiteElo "2216"]
[BlackElo "2249"]
[Result "0-1"]
[Round "10"]
[TimeControl "180+1"]
[Date "2022.02.22"]
[WhiteClock "0:01:05"]
[BlackClock "0:01:21"]

1. e4 g6 2. d4 Bg7 3. Nf3 d6 4. Bd3 c5 5. c3 Bg4 6. Be3 cxd4 7. cxd4 Nc6 8. Nc3 Bxf3 9. gxf3 a6 10. d5 Ne5 11. Be2 Rc8 12. O-O Nf6 13. Kh1 O-O 14. Rg1 Nc4 15. Bxc4 Rxc4 16. Qd3 b5 17. Rac1 Nd7 18. b3 Rc7 19. Ne2 Ne5 20. Qd1 Nxf3 21. Rg3 Ne5 22. f4 Nd7 23. Nd4 Rxc1 24. Qxc1 Nc5 25. Qc2 e5 26. Nc6 Qh4 27. fxe5 Nxe4 28. Rf3 dxe5 0-1


[Site "https://www.chess.com"]

[Event "Titled Tuesday Blitz February 22 Early 2022"]
[White "Vusatiuk, Vladimir"]
[Black "Dovbnia, Nikita"]
[WhiteFideId "14118610"]
[BlackFideId "54104599"]
[WhiteElo "2157"]
[BlackElo "2111"]
[Result "1-0"]
[Round "10"]
[TimeControl "180+1"]
[Date "2022.02.22"]
[WhiteClock "0:01:43"]
[BlackClock "0:00:29"]

1. e4 c5 2. Nf3 Nc6 3. Bb5 g6 4. Bxc6 bxc6 5. O-O Bg7 6. Re1 d6 7. e5 Nh6 8. exd6 Qxd6 9. Nc3 Nf5 10. Ne4 Qd5 11. d3 O-O 12. c4 Qd8 13. Nxc5 Qb6 14. Nb3 a5 15. Qc2 a4 16. Nbd2 a3 17. Nb3 Bb7 18. c5 Qb5 19. g4 axb2 20. Bxb2 Bxb2 21. Qxb2 Qxd3 22. Ne5 Qh3 23. gxf5 gxf5 24. Re3 Qh4 25. Rg3+ Kh8 26. Nxf7# 1-0


[Site "https://www.chess.com"]

[Event "Titled Tuesday Blitz February 22 Early 2022"]
[White "Wagner, Dennis"]
[Black "Obolentseva, Alexandra"]
[WhiteFideId "24650684"]
[BlackFideId "24153648"]
[WhiteElo "2355"]
[BlackElo "2113"]
[Result "1/2-1/2"]
[Round "10"]
[TimeControl "180+1"]
[Date "2022.02.22"]
[WhiteClock "0:00:07"]
[BlackClock "0:00:45"]

1. Nf3 Nf6 2. g3 g6 3. Bg2 Bg7 4. O-O O-O 5. d4 d6 6. Re1 c5 7. dxc5 dxc5 8. Qxd8 Rxd8 9. e4 Bd7 10. c3 Nc6 11. Bf4 Nh5 12. Be3 b6 13. Nbd2 Bg4 14. h3 Bxf3 15. Nxf3 Rac8 16. Kf1 Na5 17. Nd2 Rd7 18. Red1 Rcd8 19. Ke2 Nf6 20. g4 Ne8 21. Rac1 Nd6 22. Rc2 Ndc4 23. Nxc4 Rxd1 24. Nxa5 bxa5 25. Bxc5 Ra1 26. Bxe7 Rd7 27. Ba3 Bh6 28. e5 Rdd1 29. Bc6 Re1+ 30. Kf3 Rxe5 31. Kg3 Rg1+ 32. Kf3 Re6 33. Bd5 Rf6+ 34. Ke2 Rc1 35. Rxc1 Bxc1 36. c4 Bf4 37. Be7 Rb6 38. b3 Bd6 39. Bd8 Rb8 40. Bxa5 Bc5 41. f4 Kg7 42. Bc3+ f6 43. g5 Be7 44. Kd3 h6 45. h4 hxg5 46. hxg5 Rb6 47. Bd4 Ra6 48. a4 Kf8 49. gxf6 Bxf6 50. c5 Bxd4 51. Kxd4 Rf6 52. Ke5 Ke7 53. Be4 Re6+ 54. Kd4 Rf6 55. Ke5 Re6+ 56. Kd4 Rf6 57. Kd3 Rxf4 58. Bxg6 Kd8 59. Kc3 Kc7 60. b4 a5 61. b5 Rxa4 62. Bd3 Rh4 63. Bc4 Rh3+ 64. Kd4 Rh4+ 65. Kc3 Rh3+ 66. Kd4 Rh4+ 67. Kc3 1/2-1/2


[Site "https://www.chess.com"]

[Event "Titled Tuesday Blitz February 22 Early 2022"]
[White "Warchol, Kamil"]
[Black "Ezat, Mohamed"]
[WhiteFideId "21858241"]
[BlackFideId "10600906"]
[WhiteElo "1905"]
[BlackElo "2386"]
[Result "1-0"]
[Round "10"]
[TimeControl "180+1"]
[Date "2022.02.22"]
[WhiteClock "0:00:32"]
[BlackClock "0:01:46"]

1. e4 e5 2. Nf3 Nc6 3. Bc4 Nf6 4. d3 h6 5. c3 a6 6. a4 Bc5 7. Nbd2 Ba7 8. Nf1 O-O 9. Ng3 d5 10. exd5 Nxd5 11. O-O Kh8 12. Re1 Bg4 13. h3 Be6 14. Qc2 Qf6 15. Kh2 Nf4 16. Ne4 Qf5 17. Ng3 Qg6 18. Bxe6 fxe6 19. Bxf4 Rxf4 20. Re4 Raf8 21. Rae1 Rxf3 22. gxf3 Rxf3 23. d4 exd4 24. Qe2 Qf7 25. Kg2 d3 26. Qxf3 Qd7 27. Rxe6 d2 28. Re8+ Kh7 29. Qe4+ g6 30. Qe7+ Nxe7 31. R1xe7+ Qxe7 32. Rxe7+ Kg8 33. Rd7 1-0


[Site "https://www.chess.com"]

[Event "Titled Tuesday Blitz February 22 Early 2022"]
[White "Weetik, Vjacheslav"]
[Black "Kamsky, Gata"]
[WhiteFideId "4153472"]
[BlackFideId "2000024"]
[WhiteElo "2469"]
[BlackElo "2645"]
[Result "0-1"]
[Round "10"]
[TimeControl "180+1"]
[Date "2022.02.22"]
[WhiteClock "0:00:01"]
[BlackClock "0:00:55"]

1. e4 c5 2. Nf3 e6 3. d4 cxd4 4. Nxd4 a6 5. c4 Nf6 6. Nc3 d6 7. Be2 Qc7 8. f4 Nc6 9. Be3 Bd7 10. O-O Be7 11. Rc1 O-O 12. Bf3 Rfe8 13. Nd5 exd5 14. cxd5 Qa5 15. dxc6 bxc6 16. Nxc6 Bxc6 17. Rxc6 Qxa2 18. Qc2 Rab8 19. Bd4 Nd7 20. Be2 Bf6 21. e5 dxe5 22. Bc4 Qa5 23. Bc3 Qd8 24. Rd1 Rc8 25. Qa4 Rxc6 26. Qxc6 Qb6+ 27. Qxb6 Nxb6 28. Bxa6 exf4 29. Bxf6 gxf6 30. Rd6 Rb8 31. Rxf6 Nd5 32. Rf5 Ne3 33. Rxf4 Rxb2 34. h3 Rxg2+ 35. Kh1 Rd2 36. Rf3 Rd6 37. Rxe3 Rxa6 38. Kg2 Kg7 39. Kg3 Kg6 40. Rc3 h5 41. Rf3 Ra4 42. Rc3 h4+ 43. Kf3 f5 44. Rb3 Kg5 45. Rc3 Kf6 46. Rc6+ Kg5 47. Rc3 Ra2 48. Rc8 Ra3+ 0-1


[Site "https://www.chess.com"]

[Event "Titled Tuesday Blitz February 22 Early 2022"]
[White "Weishaeutel, Moritz"]
[Black "Golubka, Petro"]
[WhiteFideId "12967300"]
[BlackFideId "14114224"]
[WhiteElo "2002"]
[BlackElo "2392"]
[Result "0-1"]
[Round "10"]
[TimeControl "180+1"]
[Date "2022.02.22"]
[WhiteClock "0:01:07"]
[BlackClock "0:02:28"]

1. e4 e5 2. Nf3 Nc6 3. Nc3 Nf6 4. a3 a6 5. d4 d5 6. dxe5 Nxe4 7. Nxe4 dxe4 8. Qxd8+ Nxd8 9. Ng5 Bf5 10. g4 Bxg4 11. Bg2 Bf5 12. Nxe4 Nc6 13. Bf4 Nd4 14. O-O-O Ne2+ 15. Kb1 Nxf4 16. Bf3 Bxe4 17. Bxe4 c6 18. Rd4 Ne6 19. Rc4 O-O-O 20. Rf1 g5 21. Bf5 Kc7 22. Rg1 h6 23. h4 Be7 24. h5 Rd5 25. Re4 Rhd8 26. Kc1 Rd4 27. Re3 Nf4 28. c3 R4d5 29. Kc2 Bc5 30. Re4 Rd2+ 31. Kb3 Bxf2 32. Rf1 Nd3 33. Ka2 Nc5 34. Rc4 b5 35. Rxf2 bxc4 0-1


[Site "https://www.chess.com"]

[Event "Titled Tuesday Blitz February 22 Early 2022"]
[White "Yeletsky, Ivan"]
[Black "Vovk, Orest"]
[WhiteFideId "24180327"]
[BlackFideId "14113490"]
[WhiteElo "2348"]
[BlackElo "2203"]
[Result "0-1"]
[Round "10"]
[TimeControl "180+1"]
[Date "2022.02.22"]
[WhiteClock "0:00:02"]
[BlackClock "0:00:06"]

1. e4 Nc6 2. Nf3 d5 3. exd5 Qxd5 4. Nc3 Qa5 5. Bb5 Bd7 6. a3 O-O-O 7. O-O a6 8. Bxc6 Bxc6 9. Re1 Qh5 10. Ne5 Qxd1 11. Rxd1 Be8 12. b4 f6 13. Nc4 e5 14. d3 Ne7 15. Rb1 Nd5 16. Nxd5 Rxd5 17. a4 Bxa4 18. Ne3 Rd4 19. Bd2 g6 20. Bc3 Rd6 21. h3 Bh6 22. Ra1 Bxe3 23. Rxa4 Bd4 24. Bd2 Bb6 25. b5 Bc5 26. Rda1 Bd4 27. R1a2 Rb6 28. bxa6 Rb1+ 29. Kh2 bxa6 30. Rxa6 Bxf2 31. Rxf6 Bg1+ 32. Kg3 Kb7 33. Rf7 Bb6 34. Ra4 h5 35. Rg7 h4+ 36. Rxh4 Bf2+ 37. Kxf2 Rxh4 38. Rxg6 Rb2 39. Kg3 Rh7 40. Bc3 Rxc2 41. Bxe5 Re7 42. d4 Rf7 43. h4 Rc3+ 44. Kg4 Rc4 45. h5 c5 46. h6 cxd4 47. Bg7 d3+ 48. Kg3 Rd7 49. h7 d2 50. h8=Q d1=Q 51. Qe8 Qd3+ 52. Kh2 Rh4+ 53. Kg1 Qd1+ 54. Kf2 Rd2+ 55. Kg3 Rc4 56. Rb6+ Kxb6 57. Qb8+ Kc5 58. Qc7+ Kb4 59. Qb6+ Ka4 60. Qa6+ Kb3 61. Qb5+ Rb4 62. Qe8 Rd3+ 63. Kh2 Qc2 64. Qe6+ Qc4 65. Qe7 Qh4+ 66. Qxh4 Rxh4+ 67. Kg1 Rh7 68. Be5 Re7 0-1


[Site "https://www.chess.com"]

[Event "Titled Tuesday Blitz February 22 Early 2022"]
[White "Yuan, Qingyu"]
[Black "Oparin, Grigoriy"]
[WhiteFideId "8609772"]
[BlackFideId "24125890"]
[WhiteElo "2359"]
[BlackElo "2685"]
[Result "0-1"]
[Round "10"]
[TimeControl "180+1"]
[Date "2022.02.22"]
[WhiteClock "0:00:02"]
[BlackClock "0:00:52"]

1. Nf3 c5 2. g3 Nf6 3. Bg2 d5 4. O-O e6 5. d3 Be7 6. Nbd2 b6 7. e4 Bb7 8. Qe2 Nc6 9. Re1 O-O 10. c3 b5 11. e5 Nd7 12. Nf1 b4 13. h4 bxc3 14. bxc3 a5 15. h5 Ba6 16. h6 g6 17. N1h2 Rb8 18. Ng4 Re8 19. Bf4 a4 20. Qd2 a3 21. Rab1 Qa5 22. Bg5 Bf8 23. Bf6 Rb2 24. Rxb2 axb2 25. Qxb2 Bxd3 26. Qb7 Ncb8 27. Ng5 Qxc3 28. Re3 Qc4 29. Bf3 Bf5 30. Nh2 Bxh6 31. Rb3 Qc1+ 32. Kg2 Bxg5 33. g4 Bc2 34. Rc3 Bxf6 35. exf6 Nxf6 36. Qb5 Qd2 37. Rxc5 Nbd7 38. Rc7 Be4 39. Rxd7 Nxd7 40. Qxd7 Ra8 41. Bxe4 Rxa2 42. Qd8+ Kg7 43. Qh4 dxe4 44. g5 e3 45. Ng4 Qd5+ 46. Kh2 Rxf2+ 47. Nxf2 exf2 48. Qxf2 Qxg5 49. Qe3 Qxe3 0-1


[Site "https://www.chess.com"]

[Event "Titled Tuesday Blitz February 22 Early 2022"]
[White "Zavgorodniy, Sergiy"]
[Black "Blohberger, Felix"]
[WhiteFideId "14110148"]
[BlackFideId "1632051"]
[WhiteElo "2420"]
[BlackElo "2474"]
[Result "1/2-1/2"]
[Round "10"]
[TimeControl "180+1"]
[Date "2022.02.22"]
[WhiteClock "0:00:01"]
[BlackClock "0:00:02"]

1. e4 c6 2. d4 d5 3. exd5 cxd5 4. c4 Nf6 5. Nc3 Nc6 6. cxd5 Nxd5 7. Nf3 a6 8. Qb3 e6 9. Bd3 Be7 10. O-O O-O 11. Re1 Bf6 12. Be3 Nxe3 13. fxe3 g6 14. Rac1 Bg7 15. Be4 Ne7 16. Na4 Rb8 17. Nb6 Bd7 18. Nxd7 Qxd7 19. Qb6 Rfc8 20. h3 Bh6 21. Kf2 f5 22. Ne5 Qe8 23. Qxe6+ Kg7 24. Bd5 Nxd5 25. Qxd5 Qe7 26. Qd7 Bg5 27. Qxe7+ Bxe7 28. Nd7 Ra8 29. Nb6 Rxc1 30. Rxc1 Re8 31. Rc7 Kh6 32. Rxb7 Bg5 33. Nc4 f4 34. exf4 Bxf4 35. d5 Re4 36. b3 Rd4 37. Kf3 Bh2 38. d6 Bxd6 39. Rd7 Bc5 40. Rxd4 Bxd4 41. Ke4 Bg1 42. Kf4 Bh2+ 43. g3 Kg7 44. Ne5 Bg1 45. Nd7 h5 46. g4 hxg4 47. hxg4 Kf7 48. Ke4 Ke6 49. Nb8 a5 50. Nc6 Bb6 51. Ne5 Kf6 52. Nc4 Bc7 53. Ne3 Kg5 54. Kf3 Bb6 55. Nc4 Bc7 56. a3 Kf6 57. Ke4 Kg5 58. Kf3 Kf6 59. b4 axb4 60. axb4 Ke6 61. Ke4 Bd8 62. b5 Be7 63. Ne3 Kd6 64. Nd5 Bg5 65. Kd4 Bh4 66. Kc4 Bf2 67. Nf4 Ke5 68. Nxg6+ Kf6 1/2-1/2


[Site "https://www.chess.com"]

[Event "Titled Tuesday Blitz February 22 Early 2022"]
[White "Zavivaeva, Emilia"]
[Black "Tuleyeva-Aketayeva, Dana"]
[WhiteFideId "34127531"]
[BlackFideId "13701932"]
[WhiteElo "1685"]
[BlackElo "1944"]
[Result "0-1"]
[Round "10"]
[TimeControl "180+1"]
[Date "2022.02.22"]
[WhiteClock "0:00:04"]
[BlackClock "0:00:07"]

1. e4 c5 2. Nf3 Nc6 3. d4 cxd4 4. Nxd4 g6 5. c4 Bg7 6. Be3 d6 7. Nc3 Nf6 8. Be2 O-O 9. O-O a5 10. Nc2 Be6 11. b3 Ng4 12. Bd2 Nge5 13. Rc1 Nb4 14. Nxb4 axb4 15. Nd5 Nc6 16. Bg5 Rxa2 17. f4 Bxd5 18. exd5 Nd4 19. Bd3 Nf5 20. Bxf5 gxf5 21. Rf3 Qb6+ 22. Kh1 h6 23. Bxe7 Re8 24. Bh4 Ree2 25. Rg3 Kf8 26. Qd3 Qf2 27. h3 Qxf4 28. Rd1 Qxh4 29. Kh2 Be5 0-1


[Site "https://www.chess.com"]

[Event "Titled Tuesday Blitz February 22 Early 2022"]
[White "Zemerov, Vladimir"]
[Black "wisdomboy"]
[WhiteFideId "4111583"]
[WhiteElo "2277"]
[BlackElo "2440"]
[Result "1/2-1/2"]
[Round "10"]
[TimeControl "180+1"]
[Date "2022.02.22"]
[WhiteClock "0:00:35"]
[BlackClock "0:00:20"]

1. d4 Nf6 2. c4 e6 3. Nc3 Bb4 4. Qb3 c5 5. e3 O-O 6. a3 Bxc3+ 7. Qxc3 b6 8. Bd3 Bb7 9. Nf3 Ne4 10. Qc2 f5 11. O-O d6 12. b4 Nd7 13. Bb2 Ndf6 14. Rad1 Qe7 15. dxc5 dxc5 16. Nd2 cxb4 17. axb4 Qxb4 18. f3 Nxd2 19. Rxd2 a5 20. Rb1 Qe7 21. Bd4 e5 22. Bxb6 e4 23. fxe4 Nxe4 24. Re2 a4 25. Bd4 a3 26. c5 Bd5 27. Bc4 Qe6 28. Bxd5 Qxd5 29. Ra1 Rfc8 30. Qa2 Qxa2 31. Rexa2 Nxc5 32. Rxa3 Rxa3 33. Rxa3 Ne6 34. Be5 Kf7 35. Ra7+ Kg6 36. h3 Rc5 37. Bd6 Rc3 38. Bf4 Rc4 39. Ra6 Kf7 40. Be5 Re4 41. Ra7+ Kg6 42. Bf4 Nxf4 43. exf4 Rxf4 44. Ra6+ Kg5 45. Kh2 Rb4 46. Ra5 g6 47. Rc5 h5 48. Rc3 Rb2 49. Rg3+ Kf6 50. Rc3 h4 51. Rc6+ Kg5 52. Rc4 Rd2 53. Rb4 Kh5 54. Ra4 g5 55. Ra5 f4 56. Ra3 Kg6 57. Ra6+ Kf5 58. Ra5+ Ke4 59. Ra4+ Ke3 60. Ra3+ Ke4 61. Ra4+ Rd4 62. Ra2 Rd5 63. Re2+ Kf5 64. Rf2 Ra5 65. Re2 g4 66. hxg4+ Kxg4 67. Rf2 Ra3 68. Rb2 Rc3 69. Ra2 h3 70. gxh3+ Rxh3+ 71. Kg2 Rg3+ 72. Kf1 Re3 73. Rg2+ Kf3 74. Rf2+ Ke4 75. Ra2 Rb3 76. Kf2 Rf3+ 77. Ke2 Rh3 78. Ra4+ Kf5 79. Kf2 Kg4 80. Ra8 Rh2+ 81. Kg1 Rb2 82. Ra3 Rb1+ 83. Kf2 Rb2+ 84. Kg1 Re2 85. Kf1 Rc2 86. Kg1 Rd2 87. Rb3 Rd1+ 88. Kf2 Rd2+ 89. Kg1 Ra2 90. Rc3 f3 91. Rc7 Ra1+ 92. Kf2 Ra2+ 93. Kg1 Ra4 94. Kf2 Ra2+ 95. Kg1 1/2-1/2


[Site "https://www.chess.com"]

[Event "Titled Tuesday Blitz February 22 Early 2022"]
[White "Zhigalko, Sergei"]
[Black "Mohammad Fahad, Rahman"]
[WhiteFideId "13502956"]
[BlackFideId "10207791"]
[WhiteElo "2662"]
[BlackElo "2323"]
[Result "1-0"]
[Round "10"]
[TimeControl "180+1"]
[Date "2022.02.22"]
[WhiteClock "0:00:07"]
[BlackClock "0:00:06"]

1. e4 e5 2. Nf3 Nc6 3. Bc4 Bc5 4. b4 Bxb4 5. c3 Ba5 6. d4 exd4 7. O-O d6 8. Qb3 Qe7 9. cxd4 Bb6 10. Nc3 Na5 11. Qa4+ Bd7 12. Bb5 c6 13. Bd3 Nf6 14. e5 dxe5 15. dxe5 Nd5 16. Ne4 O-O 17. Bg5 Qb4 18. Qc2 h6 19. Bd2 Qa3 20. Rab1 Bg4 21. Nd6 Bxf3 22. gxf3 Bc7 23. Kh1 c5 24. Rg1 Kh8 25. Bxh6 gxh6 26. Qd2 Nf4 27. Qxf4 Qxd3 28. Qf6+ Kh7 29. Qg7# 1-0


[Site "https://www.chess.com"]

[Event "Titled Tuesday Blitz February 22 Early 2022"]
[White "Zhu, Jiner"]
[Black "Deac, Bogdan-Daniel"]
[WhiteFideId "8608059"]
[BlackFideId "1226380"]
[WhiteElo "2281"]
[BlackElo "2646"]
[Result "1-0"]
[Round "10"]
[TimeControl "180+1"]
[Date "2022.02.22"]
[WhiteClock "0:00:15"]
[BlackClock "0:00:04"]

1. e4 g6 2. d4 Bg7 3. Nc3 c6 4. Nf3 d6 5. Be2 Nf6 6. a4 O-O 7. O-O Qc7 8. Be3 e5 9. dxe5 dxe5 10. a5 Rd8 11. Qb1 Nbd7 12. Bc4 Rf8 13. Qa2 h6 14. Nh4 g5 15. Ng6 Ng4 16. Nxf8 Nxf8 17. Bd2 Qe7 18. h3 Nf6 19. Be3 Ng6 20. Rad1 g4 21. Qa3 Qe8 22. Qd6 Be6 23. Bxe6 fxe6 24. g3 gxh3 25. f3 Qf7 26. Kh2 h5 27. Bg5 Rf8 28. Ne2 a6 29. Ng1 h4 30. gxh4 Nh7 31. Nxh3 Nxg5 32. hxg5 Nf4 33. Nxf4 Qxf4+ 34. Kg2 Qxg5+ 35. Kf2 Qf6 36. Qd3 Bh6 37. Rg1+ Kh8 38. Rg4 Rf7 39. Rh1 Kh7 40. Rgh4 1-0


[Site "https://www.chess.com"]

[Event "Titled Tuesday Blitz February 22 Early 2022"]
[White "Zierk, Steven"]
[Black "Jobava, Baadur"]
[WhiteFideId "2034255"]
[BlackFideId "13601520"]
[WhiteElo "2494"]
[BlackElo "2617"]
[Result "0-1"]
[Round "10"]
[TimeControl "180+1"]
[Date "2022.02.22"]
[WhiteClock "0:00:01"]
[BlackClock "0:00:33"]

1. e4 c6 2. d4 d5 3. exd5 cxd5 4. Bd3 Nf6 5. c3 Bg4 6. Qb3 Qc8 7. Bf4 e6 8. Nd2 Nc6 9. Ngf3 Bh5 10. Ne5 Bg6 11. Nxg6 hxg6 12. Nf3 Nh5 13. Be5 a6 14. h3 Be7 15. Bh2 Bd8 16. O-O Bc7 17. Bxc7 Qxc7 18. Rae1 Nf4 19. Qd1 O-O-O 20. Ne5 g5 21. Nxc6 Qxc6 22. Re3 Rh6 23. Qg4 f5 24. Qxg5 Qc7 25. Rg3 Rh5 26. Qxg7 Qxg7 27. Rxg7 Nxd3 28. f4 Rh4 29. Rd1 Nxf4 30. g3 Nxh3+ 31. Kg2 Rh6 32. Re1 Rf8 33. Rh1 f4 34. g4 f3+ 35. Kg3 f2 36. Rf1 Nf4 37. g5 Rh3+ 38. Kg4 Rh2 39. g6 Rg2+ 0-1


[Site "https://www.chess.com"]